[Event "Titled Tuesday Blitz June 27 Early 2023"]
[White "Coelho, Ramyres Santana"]
[Black "Molenda, Marcin"]
[WhiteFideId "2120690"]
[BlackFideId "1173065"]
[WhiteElo "2233"]
[BlackElo "2488"]
[Result "1-0"]
[Round "4"]
[TimeControl "180+2"]
[Date "2023.06.27"]
[WhiteClock "0:00:44"]
[BlackClock "0:00:48"]
[Board "183"]

1. e4 c5 2. Nf3 d6 3. d4 cxd4 4. Nxd4 Nf6 5. Nc3 a6 6. f3 Nbd7 7. Be3 e6 8. Qd2 b5 9. O-O-O b4 10. Nce2 a5 11. g4 Ba6 12. Ng3 Ne5 13. Bxa6 Rxa6 14. b3 Qb8 15. g5 Nfd7 16. f4 Nc6 17. Nf3 a4 18. e5 d5 19. Qd3 Qb7 20. Kb1 Be7 21. h4 O-O 22. h5 axb3 23. cxb3 Rfa8 24. Rd2 Nc5 25. Bxc5 Bxc5 26. g6 Qa7 27. gxf7+ Kf8 28. Qxh7 Rxa2 29. Qg8+ Ke7 30. f8=Q+ Rxf8 31. Qxg7+ Rf7 32. Qg5+ Kf8 33. Rxa2 Qb7 34. h6 Be3 35. h7 Rxh7 36. Qf6+ Ke8 37. Rxh7 Qxh7+ 38. f5 exf5 39. Ra8+ Kd7 40. Qd6# 1-0


[Site "https://www.chess.com"]

[Event "Titled Tuesday Blitz June 27 Early 2023"]
[White "Ginzburg, Yakov"]
[Black "KSho99"]
[WhiteFideId "4157176"]
[WhiteElo "2485"]
[BlackElo "2211"]
[Result "1-0"]
[Round "4"]
[TimeControl "180+2"]
[Date "2023.06.27"]
[WhiteClock "0:00:36"]
[BlackClock "0:00:00"]
[Board "184"]

1. d4 d5 2. Nf3 Nf6 3. c4 dxc4 4. g3 b5 5. Bg2 Bb7 6. O-O a6 7. a4 Nbd7 8. b3 e6 9. bxc4 bxc4 10. Qc2 Nb6 11. a5 Be4 12. Qa2 Nbd7 13. Qxc4 Be7 14. Nc3 Bb7 15. Rb1 Qc8 16. Rxb7 Qxb7 17. Ne5 Qc8 18. Bxa8 Qxa8 19. Nc6 Bd6 20. e4 e5 21. dxe5 Nxe5 22. Nxe5 Bxe5 23. Ba3 Bd6 24. Bxd6 cxd6 25. e5 dxe5 26. Qc5 Nd7 27. Qd6 Qb8 28. Qxa6 O-O 29. Nd5 Qa8 30. Qxa8 Rxa8 31. Rd1 Kf8 32. Nc7 Rd8 33. a6 Ke7 34. a7 Nb6 35. Rxd8 Kxd8 36. a8=Q+ Nxa8 37. Nxa8 Kd7 38. Nb6+ 1-0


[Site "https://www.chess.com"]

[Event "Titled Tuesday Blitz June 27 Early 2023"]
[White "Baches Garcia, Guillermo"]
[Black "Sariego Figueredo, Wilfredo"]
[WhiteFideId "2209764"]
[BlackFideId "3500080"]
[WhiteElo "2485"]
[BlackElo "2204"]
[Result "1/2-1/2"]
[Round "4"]
[TimeControl "180+2"]
[Date "2023.06.27"]
[WhiteClock "0:02:07"]
[BlackClock "0:02:07"]
[Board "185"]

1. e4 c5 2. Nf3 a6 3. c4 Nc6 4. Nc3 e5 5. Be2 Nf6 6. d3 d6 7. O-O Be7 8. a3 O-O 9. Rb1 a5 10. Bg5 Bg4 11. Bxf6 Bxf6 12. Nd5 Bxf3 13. Bxf3 Nd4 14. b4 axb4 15. axb4 b6 16. Bg4 Ra2 17. g3 g6 18. Ra1 Rb2 19. Rb1 Ra2 20. Ra1 Rb2 21. Rb1 Ra2 1/2-1/2


[Site "https://www.chess.com"]

[Event "Titled Tuesday Blitz June 27 Early 2023"]
[White "Kielinkei"]
[Black "Philippe, Guillaume"]
[BlackFideId "36048763"]
[WhiteElo "2477"]
[BlackElo "2202"]
[Result "0-1"]
[Round "4"]
[TimeControl "180+2"]
[Date "2023.06.27"]
[WhiteClock "0:00:02"]
[BlackClock "0:00:06"]
[Board "186"]

1. e4 c5 2. a3 Nc6 3. b4 e5 4. bxc5 Bxc5 5. Nf3 Nf6 6. Bd3 d5 7. exd5 Nxd5 8. O-O O-O 9. Nc3 Bg4 10. h3 Bh5 11. Be2 Nf4 12. d3 Nxe2+ 13. Nxe2 Bxf3 14. gxf3 Nd4 15. Nxd4 Bxd4 16. Rb1 Qh4 17. Kh2 Rac8 18. Be3 Rc6 19. Bxd4 Qf4+ 20. Kh1 Rh6 21. Rg1 Rxh3+ 22. Kg2 Rh2+ 23. Kf1 Qxd4 24. Qe2 b6 25. Rg2 Rh1+ 26. Rg1 Rh6 27. Qe4 Qc5 28. c4 Rd8 29. Re1 Rh2 30. Rg2 Rh1+ 31. Rg1 Rxg1+ 32. Kxg1 f6 33. f4 Rd4 34. Qa8+ Kf7 35. Qb7+ Kg6 36. fxe5 Rg4+ 37. Kf1 Qd4 38. Qf3 Rf4 39. Qg3+ Kh6 40. exf6 gxf6 41. Qh3+ Kg6 42. Qg3+ Kf7 43. Qh3 h6 44. Qg3 h5 45. Qh3 Qxf2# 0-1


[Site "https://www.chess.com"]

[Event "Titled Tuesday Blitz June 27 Early 2023"]
[White "NLLO777"]
[Black "Luxama, Jacques Muller"]
[BlackFideId "11900113"]
[WhiteElo "2476"]
[BlackElo "2189"]
[Result "1-0"]
[Round "4"]
[TimeControl "180+2"]
[Date "2023.06.27"]
[WhiteClock "0:00:15"]
[BlackClock "0:00:06"]
[Board "187"]

1. Nf3 Nf6 2. g3 g6 3. Bg2 Bg7 4. O-O O-O 5. d4 d5 6. c4 c6 7. Nc3 Bf5 8. Qb3 Qb6 9. Ne5 dxc4 10. Qxb6 axb6 11. Nxc4 Nbd7 12. e4 Be6 13. d5 cxd5 14. exd5 Bf5 15. Re1 Rfe8 16. Be3 Ng4 17. Nxb6 Nxe3 18. Nxa8 Nxg2 19. Nc7 Rc8 20. Kxg2 Rxc7 21. Rxe7 Bf6 22. Re3 Ne5 23. Ne4 Bg7 24. Nd6 Bd7 25. Rae1 Ng4 26. R3e2 Bf8 27. Ne4 f5 28. Ng5 h6 29. Ne6 Rc4 30. Nxf8 Kxf8 31. Re7 Bb5 32. Rxb7 Rc5 33. Rd1 Rxd5 34. Rxd5 Bc6 35. Rb5 Nf6 36. Kg1 Bxd5 37. Rb6 Kf7 38. a4 Ne4 39. a5 Nc5 40. b4 Nd3 41. b5 Nc1 42. a6 Ne2+ 43. Kf1 Bc4 44. Ke1 Nc3 45. a7 Nxb5 46. Rxb5 Bxb5 47. a8=Q Bd7 48. Qd5+ Be6 49. Qe5 g5 50. f4 g4 51. Kd2 h5 52. Ke3 h4 53. Kd4 hxg3 54. hxg3 Bd7 55. Qc7 Ke7 56. Ke5 Ke8 57. Kd6 Bc8 58. Qe7# 1-0


[Site "https://www.chess.com"]

[Event "Titled Tuesday Blitz June 27 Early 2023"]
[White "hsd2016"]
[Black "Corredor Castellanos, Camilo"]
[BlackFideId "4425871"]
[WhiteElo "2187"]
[BlackElo "2475"]
[Result "1-0"]
[Round "4"]
[TimeControl "180+2"]
[Date "2023.06.27"]
[WhiteClock "0:00:11"]
[BlackClock "0:01:09"]
[Board "188"]

1. e4 e5 2. Nf3 Nc6 3. Bb5 a6 4. Bxc6 dxc6 5. O-O f6 6. d4 Bg4 7. dxe5 Qxd1 8. Rxd1 fxe5 9. h3 Bxf3 10. gxf3 Nf6 11. Be3 Bd6 12. Nd2 b5 13. Nb3 O-O 14. Kg2 Nh5 15. Rd3 Rf6 16. a4 Raf8 17. axb5 axb5 18. Ra6 Rg6+ 19. Kf1 Rxf3 20. Rxc6 Rxh3 21. Ke2 Rg2 22. Nc5 Rg4 23. Ne6 Rxe4 24. Rdxd6 cxd6 25. Rc8+ Kf7 26. Ng5+ Ke7 27. Nxe4 d5 28. Ng5 Rh1 29. Rc7+ Kf6 30. Nxh7+ Ke6 31. Ng5+ Kd6 32. Rb7 d4 33. Bd2 Kc6 34. Re7 Kd6 35. Re8 Nf6 36. Rb8 Kc6 37. Nf3 Rh5 38. Rc8+ Kd7 39. Rb8 Kc6 40. Rf8 Nd5 41. Rf7 g5 42. Nxe5+ Kd6 43. Nd3 g4 44. Rg7 Nf6 45. Rg6 Rf5 46. Bf4+ Kd5 47. Rg5 Rxg5 48. Bxg5 Ne4 49. Bf4 Nf6 50. b3 Nd7 51. Kd2 Ke4 52. Ke2 Nf6 53. Bd2 Kd5 54. Nf4+ Ke4 55. Ng2 Nd5 56. Ne1 Ne7 57. Nd3 Nf5 58. Nc5+ Kd5 59. Nd7 g3 60. fxg3 Nxg3+ 61. Kd3 Ne4 62. Nb6+ Ke5 63. Nd7+ Kd5 64. Nb6+ Ke5 65. Bc1 Nc5+ 66. Ke2 Ke4 67. Ba3 d3+ 68. Kd2 dxc2 69. Bxc5 b4 70. Kxc2 Ke5 71. Bxb4 Ke6 72. Nc4 Kd7 73. Kd3 Kc6 74. Kd4 Kb5 75. Bc3 Kc6 76. Ne5+ Kb5 77. Kd5 Ka6 78. Kc4 Kb6 79. b4 Kb7 80. b5 Kb6 81. Bd4+ Kb7 82. Kc5 Kb8 83. b6 Ka8 84. Kc6 Kb8 85. Nd7+ Kc8 86. b7+ Kd8 87. b8=Q+ Ke7 88. Bc5+ Ke6 89. Qe5+ Kf7 90. Qf6+ Ke8 91. Qf8# 1-0


[Site "https://www.chess.com"]

[Event "Titled Tuesday Blitz June 27 Early 2023"]
[White "le-castor-faineant"]
[Black "Tokman, Ariel"]
[BlackFideId "117420"]
[WhiteElo "2151"]
[BlackElo "2467"]
[Result "0-1"]
[Round "4"]
[TimeControl "180+2"]
[Date "2023.06.27"]
[WhiteClock "0:00:54"]
[BlackClock "0:01:21"]
[Board "189"]

1. e4 c5 2. c3 Nf6 3. e5 Nd5 4. d4 cxd4 5. cxd4 d6 6. Nf3 e6 7. Bd3 dxe5 8. dxe5 Nb4 9. Bb5+ Bd7 10. Nc3 Bxb5 11. Qxd8+ Kxd8 12. Nxb5 Nc2+ 13. Kd1 Nxa1 14. Ng5 Ke7 15. Nc7 Na6 16. Nxa8 g6 17. Ne4 Bg7 18. Bg5+ Kd7 19. Bf6 Bxf6 20. Nxf6+ Ke7 21. Ke2 Nc2 22. Rc1 Nd4+ 23. Kd3 Nc6 24. a3 Rxa8 0-1


[Site "https://www.chess.com"]

[Event "Titled Tuesday Blitz June 27 Early 2023"]
[White "Vargas Rodriguez, Wilver"]
[Black "Silva, Caio Henrique Angelico"]
[WhiteFideId "3509672"]
[BlackFideId "22777210"]
[WhiteElo "2149"]
[BlackElo "2466"]
[Result "0-1"]
[Round "4"]
[TimeControl "180+2"]
[Date "2023.06.27"]
[WhiteClock "0:00:00"]
[BlackClock "0:01:17"]
[Board "190"]

1. Nf3 Nf6 2. c4 g6 3. b4 Bg7 4. Bb2 O-O 5. g3 c5 6. b5 d5 7. cxd5 Nxd5 8. Bxg7 Kxg7 9. Bg2 Nd7 10. O-O N7f6 11. a4 Re8 12. a5 e5 13. d3 Bd7 14. Qb3 Nb4 15. Nc3 h6 16. Nd2 Rb8 17. Nc4 Be6 18. Rfd1 Nfd5 19. Ne4 b6 20. Ned6 Re7 21. axb6 Nxb6 22. Qc3 f6 23. Ne4 N6d5 24. Nxc5 Nxc3 25. Nxe6+ Rxe6 26. Rxa7+ Re7 27. Rxe7+ Qxe7 0-1


[Site "https://www.chess.com"]

[Event "Titled Tuesday Blitz June 27 Early 2023"]
[White "Eynullayev, Atilla"]
[Black "Jaivardhan Raj"]
[WhiteFideId "13413570"]
[BlackFideId "25744437"]
[WhiteElo "2466"]
[BlackElo "2098"]
[Result "1-0"]
[Round "4"]
[TimeControl "180+2"]
[Date "2023.06.27"]
[WhiteClock "0:01:42"]
[BlackClock "0:00:06"]
[Board "191"]

1. e4 c5 2. Nf3 e6 3. d4 cxd4 4. Nxd4 Nc6 5. Nc3 Qc7 6. g3 a6 7. Bg2 Nf6 8. O-O d6 9. Be3 Be7 10. Nxc6 bxc6 11. Na4 O-O 12. e5 dxe5 13. Bb6 Qb7 14. Qf3 Nd5 15. Bc5 Bxc5 16. Nxc5 Qxb2 17. Qb3 Qxb3 18. axb3 a5 19. c4 Nb4 20. Ra4 f5 21. Rfa1 e4 22. Rxb4 e5 23. Rb6 Rf6 24. b4 Be6 25. Nxe6 Rxe6 26. bxa5 g5 27. a6 Re7 28. c5 Rc7 29. Bf1 f4 30. Bc4+ Kg7 31. Rab1 Raa7 32. Rb8 e3 33. fxe3 fxe3 34. Kf1 g4 35. Ke2 h5 36. Kxe3 Rd7 37. R1b7 Raxb7 38. Rxb7 1-0


[Site "https://www.chess.com"]

[Event "Titled Tuesday Blitz June 27 Early 2023"]
[White "Kovalevsky, Stanislav"]
[Black "Ishowmoves57"]
[WhiteFideId "13508598"]
[WhiteElo "2466"]
[BlackElo "2083"]
[Result "1-0"]
[Round "4"]
[TimeControl "180+2"]
[Date "2023.06.27"]
[WhiteClock "0:00:15"]
[BlackClock "0:00:00"]
[Board "192"]

1. c4 g6 2. Nc3 Bg7 3. g3 c5 4. Bg2 e6 5. h4 h5 6. d3 Ne7 7. Nf3 O-O 8. Bg5 Nbc6 9. Ne4 Bxb2 10. Rb1 Qa5+ 11. Kf1 Bg7 12. Rb5 Qxa2 13. Nxc5 d5 14. Nxb7 dxc4 15. Nd6 c3 16. Ne1 Nd5 17. e4 Ndb4 18. e5 Ba6 19. Rc5 c2 20. Qd2 Bxe5 21. Bxc6 Bxd6 22. Bf6 Be7 23. Bxe7 Nxc6 24. Rxc6 Bb7 25. Rxc2 Qd5 26. f3 Rfe8 27. Bf6 Qf5 28. Qg5 Qd5 29. Qh6 1-0


[Site "https://www.chess.com"]

[Event "Titled Tuesday Blitz June 27 Early 2023"]
[White "Herzog2012"]
[Black "Ho, In Hei Henry"]
[BlackFideId "6002552"]
[WhiteElo "2462"]
[BlackElo "2021"]
[Result "1-0"]
[Round "4"]
[TimeControl "180+2"]
[Date "2023.06.27"]
[WhiteClock "0:00:28"]
[BlackClock "0:00:27"]
[Board "193"]

1. e4 g6 2. d4 Bg7 3. Nc3 d6 4. f4 Nf6 5. Nf3 O-O 6. Bd3 c6 7. e5 dxe5 8. dxe5 Nd5 9. Nxd5 cxd5 10. Be3 Nc6 11. O-O Bg4 12. h3 Bxf3 13. Qxf3 e6 14. c3 a6 15. Rad1 Qa5 16. a3 b5 17. Qf2 Qc7 18. Bb6 Qb7 19. Bc5 Rfd8 20. Bc2 Na5 21. Bb6 Nc4 22. Bxd8 Rxd8 23. Bd3 Nb6 24. Kh2 Qc7 25. Bc2 Nc4 26. Bb3 Nb6 27. Ra1 Bf8 28. a4 Bc5 29. Qe2 bxa4 30. Bxa4 Nc4 31. Bb3 Rb8 32. Bxc4 dxc4 33. Rxa6 Kg7 34. Ra4 Be7 35. Rxc4 Qb6 36. b4 f6 37. exf6+ Bxf6 38. Re1 Qb5 39. Rc7+ Kh6 40. Qxb5 Rxb5 41. Rxe6 Rf5 42. Rc4 Bd8 43. g4 Rd5 44. Rd4 1-0


[Site "https://www.chess.com"]

[Event "Titled Tuesday Blitz June 27 Early 2023"]
[White "Gyulamiryan-koryun"]
[Black "gueraumasague"]
[WhiteElo "1985"]
[BlackElo "2458"]
[Result "0-1"]
[Round "4"]
[TimeControl "180+2"]
[Date "2023.06.27"]
[WhiteClock "0:00:04"]
[BlackClock "0:00:09"]
[Board "194"]

1. d4 g6 2. c4 Bg7 3. Nc3 d6 4. e4 Nc6 5. Nf3 Bg4 6. Be3 e5 7. d5 Nd4 8. Be2 Nxe2 9. Qxe2 Nf6 10. h3 Bd7 11. O-O O-O 12. b4 Nh5 13. c5 Nf4 14. Qd2 f5 15. Rac1 fxe4 16. Nxe4 Nxh3+ 17. Kh2 Qe8 18. cxd6 Rxf3 19. gxf3 g5 20. Ng3 cxd6 21. Bxg5 Qg6 22. Be3 Rf8 23. Kg2 Nf4+ 24. Kg1 h5 25. Rc7 Bb5 26. Rfc1 h4 27. Bxf4 exf4 28. Qc2 Qxc2 29. R1xc2 hxg3 30. fxg3 fxg3 31. Kg2 Be5 32. Rxb7 Bd3 33. Rcc7 Be2 34. Rxa7 Bxf3+ 35. Kg1 Bd4+ 36. Kf1 g2+ 37. Ke1 g1=Q+ 38. Kd2 Qe3+ 39. Kc2 Be4+ 40. Kd1 Rf1# 0-1


[Site "https://www.chess.com"]

[Event "Titled Tuesday Blitz June 27 Early 2023"]
[White "Reprintsev, Alexander"]
[Black "Viasus, Juan Diego"]
[WhiteFideId "14100541"]
[BlackFideId "4464346"]
[WhiteElo "2456"]
[BlackElo "1456"]
[Result "1-0"]
[Round "4"]
[TimeControl "180+2"]
[Date "2023.06.27"]
[WhiteClock "0:00:14"]
[BlackClock "0:00:00"]
[Board "195"]

1. e4 c5 2. b3 Nc6 3. Bb2 d6 4. Bb5 Nf6 5. f3 g6 6. Ne2 Bd7 7. d4 cxd4 8. Nxd4 Bg7 9. Nc3 O-O 10. h4 Rc8 11. h5 Nxd4 12. Qxd4 Bxb5 13. hxg6 hxg6 14. Qxa7 Ba6 15. O-O-O Qc7 16. Rd2 Nd7 17. Nd5 Bxb2+ 18. Kxb2 Qd8 19. Qd4 e5 20. Qe3 g5 21. g4 f6 22. Rdh2 Nc5 23. Rh8+ Kf7 24. R1h7+ Ke8 25. f4 exf4 26. Qh3 Rxh8 27. Rxh8+ Kd7 28. Rxd8+ Rxd8 29. Nxf6+ Kc6 30. b4 Na4+ 31. Ka3 Nb6 32. Nd5 Nc4+ 33. Kb3 Ra8 34. a4 Nd2+ 35. Kb2 Nxe4 36. Ne7+ Kd7 37. Qh7 Bc4 38. Nd5+ 1-0


[Site "https://www.chess.com"]

[Event "Titled Tuesday Blitz June 27 Early 2023"]
[White "Skiadopoulos, Nikolaos"]
[Black "Morgunov, Anatoly"]
[WhiteFideId "4200772"]
[BlackFideId "4145909"]
[WhiteElo "1924"]
[BlackElo "2454"]
[Result "0-1"]
[Round "4"]
[TimeControl "180+2"]
[Date "2023.06.27"]
[WhiteClock "0:00:11"]
[BlackClock "0:00:27"]
[Board "196"]

1. e4 e6 2. d4 d5 3. e5 c5 4. c3 Qb6 5. Nf3 Nc6 6. a3 Nh6 7. b4 cxd4 8. Bxh6 gxh6 9. cxd4 Bd7 10. Be2 Rg8 11. O-O Rc8 12. h3 Bg7 13. Qd3 Rh8 14. Nc3 Ne7 15. b5 Qa5 16. Rfc1 f6 17. a4 Ng6 18. exf6 Bxf6 19. Qd2 Bg7 20. Qe3 Kf7 21. Bd3 Rhf8 22. Ne2 Kg8 23. Rxc8 Bxc8 24. h4 Qd8 25. h5 Nh4 26. Nxh4 Qxh4 27. Ng3 Bxd4 28. Bxh7+ Kh8 29. Qd3 Bxf2+ 0-1


[Site "https://www.chess.com"]

[Event "Titled Tuesday Blitz June 27 Early 2023"]
[White "Alahakoon, Isuru"]
[Black "Yelisieiev, Yevhenii"]
[WhiteFideId "9900993"]
[BlackFideId "14139642"]
[WhiteElo "2347"]
[BlackElo "2519"]
[Result "0-1"]
[Round "4"]
[TimeControl "180+2"]
[Date "2023.06.27"]
[WhiteClock "0:00:00"]
[BlackClock "0:00:23"]
[Board "198"]

1. Nf3 d6 2. d4 Nf6 3. Nc3 Nbd7 4. e4 e5 5. Bc4 Be7 6. a4 O-O 7. a5 c6 8. O-O Nxe4 9. Nxe4 d5 10. Bd3 dxe4 11. Bxe4 Nf6 12. Qe2 Nxe4 13. Qxe4 exd4 14. Nxd4 Bf6 15. Be3 Re8 16. Qd3 Bg4 17. a6 b6 18. Nxc6 Qxd3 19. cxd3 Be2 20. Rfe1 Bxd3 21. Nb4 Bb5 22. Nd5 Be5 23. f4 Bd6 24. Kf2 Rac8 25. Nc3 Bc4 26. Ra4 f5 27. g3 Kf7 28. Raa1 Bb4 29. Bd4 Rxe1 30. Kxe1 Re8+ 31. Kf2 Bd3 32. Be5 Bc5+ 33. Kf3 g5 34. h3 h5 35. Rd1 g4+ 36. hxg4 fxg4+ 37. Kg2 Bxa6 38. Rd7+ Ke6 39. Rh7 Rd8 40. Rh6+ Kf7 41. Rh7+ Kg6 42. Rg7+ Kh6 43. Ne4 Bd4 44. Bxd4 Rxd4 45. Rxa7 Rxe4 46. Rxa6 Re2+ 47. Kg1 Rxb2 48. Ra7 Kg6 49. Rb7 Kf5 50. Rh7 Ke4 51. Rxh5 Kf3 0-1


[Site "https://www.chess.com"]

[Event "Titled Tuesday Blitz June 27 Early 2023"]
[White "Rosenberg, Evan S"]
[Black "Thecourseoisildur"]
[WhiteFideId "2019299"]
[WhiteElo "2328"]
[BlackElo "2518"]
[Result "1-0"]
[Round "4"]
[TimeControl "180+2"]
[Date "2023.06.27"]
[WhiteClock "0:00:18"]
[BlackClock "0:00:00"]
[Board "199"]

1. d4 Nf6 2. Nf3 g6 3. Nc3 Bg7 4. e4 d6 5. Be2 O-O 6. O-O Nbd7 7. e5 dxe5 8. dxe5 Ng4 9. e6 fxe6 10. Ng5 Nxf2 11. Rxf2 Rxf2 12. Nxe6 Qe8 13. Nxg7 Qf7 14. Bh6 c6 15. Bf3 Rxf3 16. Qxf3 Qxf3 17. gxf3 Ne5 18. Ne8 Bf5 19. Ng7 Bh3 20. Bf4 Nxf3+ 21. Kf2 e5 22. Bh6 Nd4 23. Kg3 Bd7 24. Re1 Nxc2 25. Rxe5 Nd4 26. Re7 Rd8 27. Ne4 Ne2+ 28. Kf2 Rf8+ 29. Kxe2 Bh3 30. Rxb7 1-0


[Site "https://www.chess.com"]

[Event "Titled Tuesday Blitz June 27 Early 2023"]
[White "Mayaud, Raphael"]
[Black "Eidelman, Gabriel"]
[WhiteFideId "627151"]
[BlackFideId "30910544"]
[WhiteElo "2321"]
[BlackElo "2458"]
[Result "1-0"]
[Round "4"]
[TimeControl "180+2"]
[Date "2023.06.27"]
[WhiteClock "0:01:01"]
[BlackClock "0:00:00"]
[Board "200"]

1. d4 Nf6 2. Bg5 d5 3. Bxf6 exf6 4. e3 c6 5. g3 Bd6 6. Bg2 O-O 7. Ne2 Nd7 8. Nd2 f5 9. O-O Nf6 10. c4 Be6 11. b3 Ne4 12. Nxe4 fxe4 13. cxd5 cxd5 14. Nf4 Bxf4 15. gxf4 Qh4 16. Kh1 Bg4 17. f3 exf3 18. Bxf3 Bxf3+ 19. Qxf3 Rad8 20. Qg3 Qxg3 21. hxg3 Rc8 22. Rac1 g6 23. Kg2 Kg7 24. Rc5 Rxc5 25. dxc5 Rc8 26. Rc1 Kf6 27. Kf3 h5 28. e4 dxe4+ 29. Kxe4 Re8+ 30. Kd3 Kf5 31. c6 bxc6 32. Rxc6 Re7 33. Rc3 Kg4 34. Kd4 Re2 35. a4 Rg2 36. b4 Rxg3 37. Rc7 h4 38. Rxf7 h3 39. Rh7 Kxf4 40. Rxa7 Rg5 41. Rf7+ Rf5 42. Rh7 Rh5 43. Rf7+ Kg3 44. Rf1 h2 45. a5 h1=Q 46. Rxh1 Rxh1 47. Kc5 Ra1 48. Kb6 Kf4 49. a6 g5 50. b5 g4 51. Kb7 g3 52. a7 g2 53. a8=Q Rxa8 54. Kxa8 g1=Q 55. b6 Qa1+ 56. Kb8 Qh8+ 57. Ka7 Qg7+ 58. b7 Ke5 59. Ka8 1-0


[Site "https://www.chess.com"]

[Event "Titled Tuesday Blitz June 27 Early 2023"]
[White "Grossboss19"]
[Black "Bueno, Alfeu Junior Varela"]
[BlackFideId "2108879"]
[WhiteElo "2430"]
[BlackElo "2310"]
[Result "1/2-1/2"]
[Round "4"]
[TimeControl "180+2"]
[Date "2023.06.27"]
[WhiteClock "0:00:33"]
[BlackClock "0:00:03"]
[Board "201"]

1. Nf3 e6 2. c4 f5 3. Nc3 Bb4 4. a3 Bxc3 5. dxc3 b6 6. g3 Bb7 7. Bg2 Nf6 8. O-O O-O 9. b3 Qe8 10. Bf4 d6 11. Nd2 Bxg2 12. Kxg2 e5 13. Bg5 Nbd7 14. e4 Nxe4 15. Nxe4 fxe4 16. Qg4 Nc5 17. b4 Ne6 18. Be3 Rf6 19. Qxe4 Rd8 20. Rae1 Kh8 21. c5 Qh5 22. cxd6 cxd6 23. c4 Rdf8 24. f3 Ng5 25. Bxg5 Qxg5 26. Rd1 h5 27. h4 Qh6 28. Rd3 g5 29. hxg5 Qxg5 30. Rh1 Rf4 31. Qe1 Rg8 32. Rxd6 Rxc4 33. Rd2 h4 34. Rh3 Kg7 35. Re2 Kf6 36. Qd1 Ke6 37. Qb3 Qc1 38. Rxh4 Rxg3+ 39. Kxg3 Qg1+ 40. Kh3 Qh1+ 41. Kg3 Qg1+ 42. Rg2 Qe1+ 43. Rf2 Qg1+ 44. Kh3 Qh1+ 45. Rh2 Qf1+ 46. Kg3 Qg1+ 47. Rg2 Qe1+ 48. Kh3 Qh1+ 49. Rh2 Qf1+ 50. Kg3 Qg1+ 51. Rg2 1/2-1/2


[Site "https://www.chess.com"]

[Event "Titled Tuesday Blitz June 27 Early 2023"]
[White "Ruge, Edison"]
[Black "Zheenbekov, Nurgazy"]
[WhiteFideId "4401000"]
[BlackFideId "13800485"]
[WhiteElo "2204"]
[BlackElo "2418"]
[Result "0-1"]
[Round "4"]
[TimeControl "180+2"]
[Date "2023.06.27"]
[WhiteClock "0:00:24"]
[BlackClock "0:00:26"]
[Board "202"]

1. e4 e5 2. Nf3 Nc6 3. Bb5 a6 4. Ba4 Nf6 5. Qe2 b5 6. Bb3 Be7 7. a4 b4 8. a5 O-O 9. d3 d5 10. h3 Be6 11. Nbd2 Re8 12. Ba4 Bd7 13. Bxc6 Bxc6 14. Nxe5 Bb7 15. Ng4 dxe4 16. dxe4 Nxe4 17. Nxe4 Bxe4 18. O-O Bd6 19. Qc4 h5 20. Nh2 Qf6 21. f4 Qg6 22. Nf3 Bxc2 23. Nh4 Qd3 24. Qxd3 Bxd3 25. Rd1 Bc5+ 26. Kh2 Rad8 27. Nf3 Be2 28. Rxd8 Rxd8 29. Ne5 Rd1 30. Nc6 h4 31. g4 Bf3 32. Be3 Rxa1 0-1


[Site "https://www.chess.com"]

[Event "Titled Tuesday Blitz June 27 Early 2023"]
[White "LeoLV10"]
[Black "Ivanova, Karina"]
[BlackFideId "24139750"]
[WhiteElo "2415"]
[BlackElo "2173"]
[Result "1-0"]
[Round "4"]
[TimeControl "180+2"]
[Date "2023.06.27"]
[WhiteClock "0:01:49"]
[BlackClock "0:00:19"]
[Board "203"]

1. e4 e5 2. Nf3 Nc6 3. Bb5 Nf6 4. O-O d6 5. Re1 a6 6. Ba4 b5 7. Bb3 Be7 8. c3 O-O 9. h3 Bb7 10. d4 exd4 11. cxd4 Na5 12. Bc2 c5 13. d5 Nd7 14. Nc3 b4 15. Ne2 Bf6 16. Ng3 g6 17. Rb1 Nc4 18. b3 Nce5 19. Nxe5 Bxe5 20. f4 Bd4+ 21. Be3 Bc3 22. Rf1 f6 23. Qg4 Qe7 24. Nf5 Qd8 25. Nxd6 Ra7 26. Nc4 Qe7 27. Qe6+ Rf7 28. Nd6 Qxe6 29. dxe6 Re7 30. exd7 Rxd7 31. Bxc5 1-0


[Site "https://www.chess.com"]

[Event "Titled Tuesday Blitz June 27 Early 2023"]
[White "Vianello, Enrico"]
[Black "Tanmay Jain"]
[WhiteFideId "810738"]
[BlackFideId "45015481"]
[WhiteElo "2163"]
[BlackElo "2415"]
[Result "0-1"]
[Round "4"]
[TimeControl "180+2"]
[Date "2023.06.27"]
[WhiteClock "0:00:06"]
[BlackClock "0:00:20"]
[Board "204"]

1. Nf3 d5 2. e3 Nf6 3. c4 e6 4. Nc3 Be7 5. b3 O-O 6. Bb2 b6 7. Qc2 Bb7 8. Be2 c5 9. cxd5 exd5 10. d4 Nc6 11. Rc1 cxd4 12. Nxd4 Nxd4 13. exd4 Bd6 14. O-O Rc8 15. Qf5 Bb4 16. Bf3 Bxc3 17. Bxc3 Qd6 18. Bb2 Ne4 19. Rfd1 Rfe8 20. Bg4 g6 21. Qf3 f5 22. Bh3 a6 23. Qd3 b5 24. g3 Qe7 25. Bg2 Nf6 26. Bf1 Ne4 27. Re1 Qd6 28. Bg2 Rxc1 29. Rxc1 Nf6 30. Qc2 f4 31. Qc5 Qe6 32. Bc3 Ne4 33. Bxe4 dxe4 34. Re1 f3 35. d5 Qh3 0-1


[Site "https://www.chess.com"]

[Event "Titled Tuesday Blitz June 27 Early 2023"]
[White "Kowalysko, Roman"]
[Black "Gatterer, Florian"]
[WhiteFideId "30918510"]
[BlackFideId "811688"]
[WhiteElo "2031"]
[BlackElo "2407"]
[Result "0-1"]
[Round "4"]
[TimeControl "180+2"]
[Date "2023.06.27"]
[WhiteClock "0:00:00"]
[BlackClock "0:01:53"]
[Board "205"]

1. e4 c5 2. Nf3 e6 3. d4 cxd4 4. Nxd4 Nf6 5. Nc3 Nc6 6. Ndb5 Bc5 7. Nd6+ Ke7 8. Bf4 e5 9. Nf5+ Kf8 10. Bg5 Bb4 11. Ne3 h6 12. Bxf6 Qxf6 13. Nd5 Bxc3+ 14. Nxc3 g6 15. Qd2 Kg7 16. O-O-O a6 17. Nd5 Qg5 18. c3 Rb8 19. f3 b5 0-1


[Site "https://www.chess.com"]

[Event "Titled Tuesday Blitz June 27 Early 2023"]
[White "Vila Dupla, Aurelio"]
[Black "Liu, Xiangyi"]
[WhiteFideId "2203383"]
[BlackFideId "8605718"]
[WhiteElo "2214"]
[BlackElo "2730"]
[Result "0-1"]
[Round "4"]
[TimeControl "180+2"]
[Date "2023.06.27"]
[WhiteClock "0:00:00"]
[BlackClock "0:00:29"]
[Board "206"]

1. e4 b6 2. d4 Bb7 3. Nc3 e6 4. a3 d5 5. Nf3 dxe4 6. Ng5 Nf6 7. Bb5+ Nbd7 8. Qe2 a6 9. Bc4 b5 10. Ba2 Nb6 11. O-O Qxd4 12. Rd1 Qe5 13. g3 Qf5 14. Bf4 Nbd5 15. Bxd5 exd5 16. Nxb5 axb5 17. Qxb5+ c6 18. Qxb7 Qd7 19. Qxa8+ Ke7 20. Qa4 h6 21. c4 hxg5 22. Bxg5 Qh3 23. Qa7+ Ke6 24. cxd5+ Nxd5 0-1


[Site "https://www.chess.com"]

[Event "Titled Tuesday Blitz June 27 Early 2023"]
[White "Orlov, Georgi"]
[Black "Clawitter, Craig"]
[WhiteFideId "2011271"]
[BlackFideId "2023105"]
[WhiteElo "2591"]
[BlackElo "2204"]
[Result "0-1"]
[Round "4"]
[TimeControl "180+2"]
[Date "2023.06.27"]
[WhiteClock "0:00:00"]
[BlackClock "0:00:27"]
[Board "207"]

1. d4 e6 2. Nf3 Nf6 3. Bg5 c5 4. e3 b6 5. Nbd2 Bb7 6. Bd3 Be7 7. O-O O-O 8. dxc5 bxc5 9. e4 d5 10. exd5 exd5 11. Re1 c4 12. Bf5 g6 13. Bh3 Nc6 14. c3 Re8 15. Qa4 Ne4 16. Nxe4 dxe4 17. Rxe4 Bxg5 18. Rxe8+ Qxe8 19. Nxg5 Qe2 20. Qa3 Rd8 21. Rf1 Rd1 22. g3 h6 23. Rxd1 Qxd1+ 24. Bf1 hxg5 0-1


[Site "https://www.chess.com"]